 Dungeon Crawl Stone Soup version 0.18-a0-1078-gebb93d0 (webtiles) character file.

162 4thArraOfDagon the Slasher (level 5, -6/41 HPs)
             Began as a Vampire Warper on Jan 14, 2016.
             Mangled by a centaur (7 damage)
             ... on level 5 of the Dungeon.
             The game lasted 00:05:06 (874 turns).

4thArraOfDagon the Slasher (Vampire Warper)          Turns: 874, Time: 00:05:07

Health: -6/41      AC:  3    Str: 11    XL:     5   Next: 19%
Magic:  8/8        EV: 18    Int: 16    God:
Gold:   168        SH:  0    Dex: 18    Spells: 2 memorised, 5 levels left

rFire  . . .     SeeInvis +     j - +0 blowgun
rCold  . . .     Gourm    .     b - +0 leather armour
rNeg   . . .     Faith    .     (no shield)
rPois  .         Spirit   .     (no helmet)
rElec  .         Dismiss  .     (no cloak)
rCorr  +         Reflect  .     (no gloves)
SustAt .         Harm     .     (no boots)
MR     .....     Rnd*Tele +     (no amulet)
Stlth  ++........               p - ring of resist corrosion
                                f - ring of teleportation (curse)

@: agile, regenerating quickly, invisible, not resistant to hostile
enchantments, unstealthy
A: fangs 3, see invisible, unbreathing
a: Evoke Teleportation


You were on level 5 of the Dungeon.
You were very full.

You visited 1 branch of the dungeon, and saw 5 of its levels.
You also visited: Sewer.

You collected 168 gold pieces.

Inventory:

Hand Weapons
 a - a +1 falchion
 j - a +0 blowgun (weapon)
Missiles
 e - 4 tomahawks of dispersal
 k - 10 poisoned needles (quivered)
Armour
 b - a +0 leather armour (worn)
 h - a cursed +0 ring mail
Jewellery
 f - a cursed ring of teleportation (left hand)
 p - a ring of resist corrosion (right hand)
Wands
 i - a wand of flame (32/48)
Scrolls
 d - 3 scrolls of blinking
 o - a scroll of noise
Potions
 q - a potion of blood
Books
 c - a book of Spatial Translocations

   Spells                             Type                      Level
   a - Apportation                    Translocation                1
   b - Blink                          Translocation                2
   c - Shroud of Golubria             Charms/Translocation         2
   d - Portal Projectile              Translocation                3
   e - Teleport Other                 Translocation                3
   f - Passage of Golubria            Translocation                4


   Skills:
 + Level 3.0 Fighting
 * Level 3.5 Long Blades
 - Level 0.7 Throwing
 + Level 1.8 Armour
 + Level 3.1 Dodging
 - Level 2.0 Spellcasting
 - Level 2.4 Translocations


You had 5 spell levels left.
You knew the following spells:

 Your Spells              Type           Power        Failure   Level  Hunger
a - Apportation           Tloc           #.........   12%         1    #......
b - Blink                 Tloc           N/A          17%         2    ###....


Dungeon Overview and Level Annotations

Branches:
Dungeon (5/15)
 Temple: D:4-7

Altars:
Elyvilon
Fedhas
Makhleb
Ru
Vehumet
Zin

Annotations:
D:4 Edmund


Innate Abilities, Weirdness & Mutations

Your natural rate of healing is unusually fast.
You have razor-sharp teeth.
You have supernaturally acute eyesight.
You can survive without breathing.


Message History

The centaur shoots an arrow.
The arrow hits you!
* * * LOW HITPOINT WARNING * * *
Unknown command.
The centaur unwields an uncursed shortbow.
The centaur barely misses you.
Unknown command.
Unknown command.
Firing (i - inventory. (,) - cycle):
k - 11 poisoned needles (quivered)
Press: ? - help, Shift-Dir - straight line, f - centaur
Aim: a centaur You shoot a poisoned needle.
The poisoned needle closely misses the centaur.
The centaur hits you!
* * * LOW HITPOINT WARNING * * *
Unknown command.
Drink which item? (? for menu, Esc to quit)
It was a potion of invisibility.
You fade into invisibility!
The centaur hits you!
You die...

#...............
#####............###
#......c.........##
#.###.............#
#.................#
#.(###...###......#
#(.# #...# #.(...##
#.c###...###......#
##.@(.......รท.....#
#................#
#...............##
#.###...###....##
#.# #...# #.#### #.#
#...# #.#
#...........#
#############


You could see a centaur.

Vanquished Creatures
  A crocodile (Sewer)
  A hound (D:4)
  A worker ant zombie (D:5)
  An adder (D:4)
  A river rat (D:4)
  3 giant geckos (D:4)
  An orc (D:4)
  A ball python (D:4)
  A hobgoblin (D:2)
  2 jackals (Sewer)
  5 kobolds
  A giant gecko skeleton (D:4)
  3 giant newts
  A goblin (D:2)
  4 rats
27 creatures vanquished.

Notes
Turn   | Place    | Note
--------------------------------------------------------------
     0 | D:1      | 4thArraOfDagon the Vampire Warper began the quest for the Orb.
     0 | D:1      | Reached XP level 1. HP: 16/16 MP: 3/3
   245 | D:4      | Found a glowing drain.
   256 | D:4      | Reached XP level 2. HP: 19/22 MP: 5/5
   295 | D:4      | Reached skill level 1 in Armour
   310 | D:4      | Found a burning altar of Makhleb.
   310 | D:4      | Found a radiant altar of Vehumet.
   314 | D:4      | Found a white marble altar of Elyvilon.
   340 | D:4      | Learned a level 2 spell: Blink
   340 | D:4      | Found a sacrificial altar of Ru.
   355 | D:4      | Noticed Edmund
   365 | D:4      | Found a radiant altar of Vehumet.
   446 | Sewer    | Entered a sewer
   451 | Sewer    | Reached XP level 3. HP: 28/28 MP: 6/6
   527 | Sewer    | Noticed a crocodile
   540 | Sewer    | Killed a crocodile
   540 | Sewer    | Reached skill level 3 in Long Blades
   540 | Sewer    | Reached XP level 4. HP: 31/34 MP: 7/7
   616 | D:5      | Entered Level 5 of the Dungeon
   616 | D:5      | Noticed an orc warrior
   674 | D:4      | Found a blossoming altar of Fedhas.
   685 | D:4      | Found a glowing silver altar of Zin.
   758 | D:4      | Reached XP level 5. HP: 25/41 MP: 8/8
   862 | D:5      | Noticed a centaur
   873 | D:5      | HP: 1/41 [centaur (8)]
   874 | D:5      | Mangled by a centaur

Vault maps used:
D:1:      minmay_arrival_radiant_lines, minmay_bisected
D:2:      minmay_quantized
D:3:      uniq_jessica
D:4:      kennysheep_mini, nicolae_overflow_hidden_temple,
          nicolae_ru_awakened_eye, first_bread, portal_sewer_entry_a,
          vehumet_altar_wand_db, uniq_edmund
D:5:      minmay_misc_feat_cross, patterned_corridor
Sewer:    sewer_the_crocodile

Action                   |  1- 3 |  4- 6 || total
-------------------------+-------+-------++-------
Melee: Falchion          |    72 |    26 ||    98
 Fire: Blowgun           |     5 |     3 ||     8
Throw: Tomahawk          |     1 |       ||     1
 Abil: Evoke Teleportati |     2 |     1 ||     3
  Use: Potion            |     4 |     2 ||     6
       Scroll            |     1 |     3 ||     4
 Stab: Sleeping          |     1 |     2 ||     3
  Eat: Corpse            |     6 |     2 ||     8
